 Dungeon Crawl Stone Soup version 0.26-a0-662-g8b9c6dab81 (webtiles) character file.

Game seed: 12079165198170672099

425645 ringo67 the Impregnable (level 23, -16/198 HPs)
             Began as a Barachi Hunter on Oct 9, 2020.
             Was the Champion of Nemelex Xobeh.
             Demolished by a juggernaut simulacrum (38 damage)
             ... led by a necromancer
             ... on level 2 of the Depths on Oct 10, 2020.
             The game lasted 04:36:52 (101142 turns).

ringo67 the Impregnable (Barachi Hunter)          Turns: 101142, Time: 04:36:53

Health: -16/198    AC: 30    Str: 20    XL:     23   Next: 46%
Magic:  31/31      EV: 17    Int: 13    God:    Nemelex Xobeh [******]
Gold:   3726       SH:  0    Dex: 15    Spells: 18/22 levels left

rFire    . . .     SeeInvis +   a - +9 triple crossbow (vorpal)
rCold    . . .     Faith    +   (shield currently unavailable)
rNeg     . . .     Spirit   .   v - +2 plate armour {MR+}
rPois    +         Reflect  .   G - +2 hat {MR+}
rElec    +         Harm     .   H - +1 cloak
rCorr    +         Rampage  .   z - +0 pair of gloves of Space {rElec rC- Regen+ rCorr}
MR       ++++.                  J - +0 pair of boots
Stlth    ..........             T - amulet "Sizud" {Faith rC+}
HPRegen  0.83/turn              w - ring of see invisible
MPRegen  0.22/turn              o - ring "Ciexzego" {rPois MR+ Stlth+}

@: can't hop, hasted, very quick
A: +LOS, swims, slowness 1, strong legs 2
}: 3/15 runes: decaying, serpentine, abyssal
a: Hop, Draw Escape, Draw Destruction, Draw Summoning, Triple Draw, Deal Four,
Stack Five, Renounce Religion


You were on level 2 of the Depths.
You worshipped Nemelex Xobeh.
Nemelex Xobeh was exalted by your worship.
You visited 9 branches of the dungeon, and saw 41 of its levels.
You visited the Abyss 1 time.
You also visited: Gauntlet and Ice Cave.

You collected 5453 gold pieces.
You spent 1727 gold pieces at shops.

Inventory:

Hand Weapons
 a - a +9 vorpal triple crossbow (weapon)
 b - a +2 scimitar of freezing
 m - a +2 vorpal great sword
Missiles
 d - 766 bolts (quivered)
 U - 7 curare-tipped darts
Armour
 v - a +2 plate armour of magic resistance (worn)
 z - the +0 pair of gloves of Space (worn) {rElec rC- Regen+ rCorr}
   (You took it off Nikola on level 4 of the Snake Pit)

   It makes you vulnerable to cold.
   It insulates you from electricity.
   It increases your rate of regeneration.
   It provides partial protection from all sources of acid and corrosion.
 G - a +2 hat of magic resistance (worn)
 H - a +1 cloak (worn)
 I - a +2 plate armour of fire resistance
 J - a +0 pair of boots (worn)
 O - the +2 helmet of Levity {Rampage rF+ Str+2}
   (You found it on level 2 of the Depths)

   It affects your strength (+2).
   It protects you from fire.
   It bestows one free step when moving towards enemies.
Jewellery
 f - a +4 ring of protection
 o - the ring "Ciexzego" (right hand) {rPois MR+ Stlth+}
   (You bought it in a shop on level 2 of the Snake Pit)

   [ring of protection from magic]

   It protects you from poison.
   It affects your resistance to hostile enchantments.
   It makes you more stealthy.
 w - a ring of see invisible (left hand)
 F - the amulet "Jeakh" {Acrobat Dex+5}
   (You acquired it on level 1 of the Lair of Beasts)

   [amulet of the acrobat]

   It helps you evade while moving and waiting.
   It affects your dexterity (+5).
 T - the amulet "Sizud" (around neck) {Faith rC+}
   (You found it in an ice cave)

   [amulet of faith]

   It allows you to gain divine favour quickly.
   It protects you from cold.
 V - an uncursed ring of protection from fire
 Z - an uncursed ring of positive energy
Wands
 i - a wand of paralysis (23)
 k - a wand of digging (13)
 s - a wand of flame (13)
 M - a wand of polymorph (20)
 Q - a wand of disintegration (32)
 R - a wand of acid (34)
 X - a wand of iceblast (14)
Scrolls
 c - 2 scrolls of magic mapping
 h - 4 scrolls of teleportation
 n - 2 scrolls of silence
 r - 12 scrolls of identify
 t - 2 scrolls of fear
 u - 6 scrolls of enchant weapon
 x - 5 scrolls of fog
 y - 9 scrolls of amnesia
 L - 19 scrolls of remove curse
 Y - 5 scrolls of enchant armour
Potions
 e - 9 potions of flight
 j - 3 potions of resistance
 l - 15 potions of curing
 p - 8 potions of haste
 q - 5 potions of berserk rage
 A - 3 potions of magic
 B - 2 potions of might
 C - 4 potions of cancellation
 D - 9 potions of lignification
 E - 7 potions of brilliance
 N - 2 potions of invisibility
 P - 9 potions of ambrosia
 S - 3 potions of mutation
Miscellaneous
 g - a condenser vane (2/2)


   Skills:
 + Level 20.5 Fighting
 - Level 14.0 Long Blades
 * Level 21.7 Crossbows
 + Level 21.8 Armour
 - Level 18.0 Dodging
 - Level 0.8 Stealth
 - Level 11.0 Invocations


You had 18 spell levels left.
You knew the following spells:

 Your Spells              Type           Power        Failure   Level
a - Summon Lightning Spi  Summ/Air       #.......     100%        4

Your spell library contained the following spells:

 Spells                   Type           Power        Failure   Level
 Animate Skeleton         Necr           #.....       90%         1
 Apportation              Tloc           #.....       90%         1
 Corona                   Hex            #......      90%         1
 Sandblast                Erth           #.....       90%         1
 Shock                    Conj/Air       #...         90%         1
 Sting                    Tmut/Pois      #...         90%         1
 Summon Small Mammal      Summ           #...         90%         1
 Call Imp                 Summ           #.......     97%         2
 Corpse Rot               Necr/Air       N/A          97%         2
 Ensorcelled Hibernation  Hex/Ice        #.....       97%         2
 Passwall                 Tmut/Erth      #.......     97%         2
 Poisonous Vapours        Pois/Air       #.....       97%         2
 Slow                     Hex            #.......     97%         2
 Sublimation of Blood     Necr           #.........   97%         2
 Swiftness                Air            #.......     97%         2
 Call Canine Familiar     Summ           #.......     99%         3
 Confusing Touch          Hex            #.......     99%         3
 Conjure Flame            Conj/Fire      #.......     99%         3
 Dazzling Flash           Conj/Hex       #.....       99%         3
 Gell's Gravitas          Tloc           #.........   99%         3
 Ignite Poison            Fire/Tmut/Pois #.......     99%         3
 Inner Flame              Hex/Fire       #.......     99%         3
 Mephitic Cloud           Conj/Pois/Air  #.......     99%         3
 Portal Projectile        Hex/Tloc       #.....       99%         3
 Static Discharge         Conj/Air       #.......     99%         3
 Stone Arrow              Conj/Erth      #.....       99%         3
 Summon Guardian Golem    Hex/Summ       #.......     99%         3
 Tukima's Dance           Hex            #.......     99%         3
 Airstrike                Air            #.........   100%        4
 Cause Fear               Hex            #.........   100%        4
 Dispel Undead            Necr           #.......     100%        4
 Leda's Liquefaction      Hex/Erth       #.........   100%        4
 Olgreb's Toxic Radiance  Pois           #.......     100%        4
 Petrify                  Tmut/Erth      #.......     100%        4
 Summon Ice Beast         Ice/Summ       #.......     100%        4
 Agony                    Necr           #.......     100%        5
 Alistair's Intoxication  Tmut/Pois      #........    100%        5
 Bolt of Magma            Conj/Fire/Erth #.........   100%        5
 Excruciating Wounds      Necr           #.........   100%        5
 Irradiate                Conj/Tmut      #.........   100%        5
 Lee's Rapid Deconstruct  Erth           #.........   100%        5
 Lightning Bolt           Conj/Air       #.........   100%        5
 Silence                  Hex/Air        #.........   100%        5
 Summon Demon             Summ           #.........   100%        5
 Summon Forest            Summ/Tloc      #.........   100%        5
 Summon Mana Viper        Hex/Summ       #.......     100%        5
 Yara's Violent Unravell  Hex/Tmut       #.........   100%        5
 Conjure Ball Lightning   Conj/Air       #.........   100%        6
 Dispersal                Tloc           #.........   100%        6
 Eringya's Noxious Bog    Tmut/Pois      #.........   100%        6
 Freezing Cloud           Conj/Ice/Air   #.........   100%        6
 Discord                  Hex            #.........   100%        8
 Disjunction              Tloc           #.........   100%        8
 Ignition                 Fire           #.........   100%        8
 Shatter                  Erth           #.........   100%        9
 Tornado                  Air            #.........   100%        9


Dungeon Overview and Level Annotations

Branches:
Dungeon (15/15)            Temple (1/1) D:4            Lair (6/6) D:8
  Swamp (4/4) Lair:2        Snake (4/4) Lair:3        Slime (0/5) Lair:5
    Orc (2/2) D:10            Elf (3/3) Orc:2        Vaults (4/5) D:14
  Crypt (0/3) Vaults:3     Depths (2/5) D:15          IceCv (visited)
Gauntlet (visited)

Altars:
Ashenzari
Cheibriados
Dithmenos
Elyvilon
Fedhas
Gozag
Hepliaklqana
Kikubaaqudgha
Makhleb
Nemelex Xobeh
Okawaru
Qazlal
Ru
Sif Muna
Trog
Uskayaw
Vehumet
Wu Jian
Xom
Yredelemnul
Zin
The Shining One
Beogh
Jiyva

Shops:
D:4 }   D:12 !   D:14 [   Orc:2 *[=(   Elf:1 [   Snake:2 :**   Vaults:1 :[((

Portals:
Hell: Depths:1 Depths:2
Abyss: Depths:1 Depths:2

Annotations:
D:7 2 transporters, snetch's ghost, novice MiBe
Orc:1 1 runed translucent door, reasonance's ghost, journeyman GrBe
Vaults:1 36 runed doors
Depths:1 3 runed translucent doors, HilariousDeathArtist's ghost, veteran TeBe


Innate Abilities, Weirdness & Mutations

You can be seen from farther away. (+LOS)
You can swim through water.
You cover ground slowly.
You can hop long distances.


Message History

The necromancer casts a spell.
The necromancer binds the souls of nearby monsters.
You draw a card...
You have drawn the Orb.
Press: ? - help, Shift-Dir - straight line, f/p - shadow dragon zombie
Aim: a shadow dragon zombie Your orb of destruction hits a rock wall. x3
A titan comes into view.
The necromancer casts a spell.
The necromancer flickers and vanishes for a moment.
Your orb of destruction hits a rock wall. x2
The juggernaut simulacrum hits you!! The juggernaut simulacrum freezes you!!
* * * LOW HITPOINT WARNING * * *
The juggernaut simulacrum misses you.
You feel much better.
You feel yourself speed up. The juggernaut simulacrum hits you!!!
* * * LOW HITPOINT WARNING * * *
The juggernaut simulacrum freezes you!!!
You die...
Your body disappears without a glow.

#.# *,**,,,, ##.######..#,,,, ***
#(....p)CZ(#,,,, ,,*
#.C######CG#,,,, *** ###.##
*,,+,,,, *************#.p.#
*****+*,,,, ***,,,,,,,,,,,*#.#.#
*,,,,,,,,,,
..*.......######Z######,,,,******
#.#,......#(..#.@.#..[#,,,,** *
.)',,....,#.⌠.#...#.⌠.#,,,,,*****
#.#......,#...........#,,,,,,,,**
.....,...,#..###(###..#,,***,,,,,
..)..##'#*#...#.(.#...#*,*,****,,
......#.#####.#<<<#.###*,**,,,***
....b....##...#).)#...#,,,*,,,,,,
....≈bb..##..###.###..#,,,*,,*,,,
.........##...........#,,,**,,**,


You could see a necromancer (invisible, drained) and a juggernaut simulacrum.

Vanquished Creatures
  Sojobo (Vaults:2)
  Boris (Vaults:2)
  3 liches
  Rupert (D:15)
  Asterion (Vaults:2)
  A deep elf master archer (Elf:3)
  2 deep elf blademasters
  3 sphinxes
  Kirke (Elf:1)
  A thorn hunter (Swamp:4)
  3 storm dragons
  Agnes (Elf:1)
  Roxanne (Snake:4)
  2 tengu reavers
  An azure jelly (Snake:4)
  A fire giant (Vaults:3)
  11 nagarajas
  6 frost giants
  6 deep elf sorcerers
  An iron dragon (Depths:1)
  5 vault wardens
  2 orc warlords (Orc:2)
  2 deep elf elementalists
  8 very ugly things
  2 entropy weavers
  10 ironheart preservers
  A vampire knight (Depths:1)
  14 stone giants
  5 deep elf demonologists
  10 deep elf annihilators
  3 spark wasps
  3 ettins
  A crystal guardian (Vaults:2)
  6 deep elf death magi
  6 yaktaur captains
  A great orb of eyes (Vaults:3)
  A fire dragon (Vaults:1)
  7 rakshasas
  A deep elf high priest (Elf:3)
  15 naga warriors
  4 ice dragons
  20 hydras
  4 boulder beetles
  5 vault guards
  10 centaur warriors
  2 ghost crabs
  2 catoblepae
  10 alligators
  15 anacondas
  A hell beast (Depths:1)
  A two-headed ogre (shapeshifter) (Depths:1)
  26 dancing weapons
  A shambling mangrove (Swamp:4)
  28 two-headed ogres
  10 ogre magi
  2 death yaks (Elf:2)
  3 tengu warriors
  A deep troll earth mage (Vaults:3)
  2 small abominations (Elf:2)
  A thrashing horror (Abyss:3)
  4 orc high priests
  A soul eater (Depths:1)
  2 vampire magi
  13 shock serpents
  9 naga sharpshooters
  A spriggan berserker (Depths:2)
  19 deep elf knights
  3 sun demons (Depths:1)
  A fire crab (Snake:3)
  A skeletal warrior (Vaults:2)
  A shadow wraith (Vaults:1)
  2 glowing orange brains
  A hell knight (Vaults:1)
  9 salamander mystics
  An unseen horror (Vaults:1)
  5 spriggan druids
  An orange crystal statue (Elf:2)
  7 sea snakes (Snake:4)
  5 wizards
  19 swamp dragons
  5 deep trolls (Vaults:3)
  A flayed ghost (Vaults:4)
  An obsidian statue (Depths:1)
  9 deep elf archers
  9 ironbrand convokers
  9 naga ritualists
  Pikel (D:6)
  2 harpies (shapeshifter)
  3 harpies (Vaults:3)
  14 orc knights
  12 mana vipers
  15 salamanders
  6 lindwurms
  8 wolf spiders
  6 orc sorcerers
  A stone giant zombie (Vaults:2)
  A necromancer (Vaults:2)
  64 deep elf magi
  13 ugly things
  8 cyclopes
  A manticore (D:14)
  13 elephants
  10 guardian serpents
  Maurice (D:9)
  38 black mambas
  Joseph (D:7)
  3 centaur zombies
  15 vault sentinels
  A black mamba (shapeshifter) (Vaults:3)
  2 ice statues (IceCv)
  2 rust devils (Depths:1)
  14 naga magi
  20 cane toads
  A gargoyle (D:14)
  An orange demon (Depths:1)
  7 freezing wraiths
  Maggie (D:7)
  11 komodo dragons
  5 rime drakes
  2 komodo dragons (shapeshifter)
  A yaktaur (shapeshifter) (D:15)
  2 red devils (Depths:1)
  15 yaktaurs
  An ice devil (Depths:1)
  A jumping spider (Vaults:1)
  A meliai (shapeshifter) (Vaults:2)
  A queen bee (Lair:3)
  9 trolls
  A tengu conjurer (Depths:1)
  Grinder (D:6)
  A wolf spider simulacrum (Gauntlet)
  3 polar bears
  12 hornets
  A queen bee (shapeshifter) (Vaults:1)
  A wind drake (shapeshifter) (Vaults:2)
  9 tyrant leeches
  3 bog bodies
  48 slime creatures
  3 wind drakes
  A raiju (shapeshifter) (Vaults:4)
  32 blink frogs
  A redback (Vaults:3)
  A slime creature (shapeshifter) (Elf:3)
  An air elemental (Elf:3)
  A human simulacrum (Vaults:3)
  A flying skull (Gauntlet)
  A centaur simulacrum (D:10)
  A frost giant simulacrum (Vaults:1)
  5 spriggans
  A spriggan (shapeshifter) (Vaults:1)
  6 water elementals
  A tarantella (shapeshifter) (Vaults:3)
  16 wyverns
  3 wraiths
  4 shadows
  A vampire (D:15)
  A fire bat (Lair:2)
  21 yaks
  A hog (Elf:1)
  6 basilisks
  A fire elemental (Elf:2)
  A steam dragon (D:13)
  16 vampire mosquitoes
  A deep troll zombie (Vaults:2)
  A steam dragon (shapeshifter) (Vaults:1)
  A yaktaur simulacrum (Vaults:2)
  6 wargs
  3 insubstantial wisps
  37 nagas
  15 swamp worms
  2 acid dragons
  An acid dragon (shapeshifter) (Elf:2)
  32 water moccasins
  A floating eye (Depths:2)
  13 swamp drakes
  60 orc warriors
  7 sky beasts
  2 black bears
  A phantom (D:13)
  13 wolves
  4 eyes of draining
  22 centaurs
  An ogre (shapeshifter) (Vaults:3)
  10 ice beasts (IceCv)
  40 ogres
  A boggart (shapeshifter) (Vaults:1)
  A spriggan simulacrum (Depths:2)
  A human skeleton (Vaults:2)
  An elf skeleton (Vaults:2)
  3 big kobolds
  A lemure (D:5)
  19 bullfrogs
  7 earth elementals
  3 scorpions
  A wyvern skeleton (D:14)
  A deep troll simulacrum (Vaults:3)
  27 killer bees
  19 wights
  4 electric eels
  3 vampire bats (D:15)
  5 howler monkeys
  7 crimson imps (Depths:1)
  29 orc priests
  8 hounds
  A bullfrog zombie (D:13)
  3 centaur skeletons
  2 jellies
  A bullfrog skeleton (D:6)
  2 iron imps (Depths:1)
  46 orc wizards
  A gnoll shaman (D:7)
  5 iguanas
  7 worker ants
  Natasha (twice) (D:4)
  4 worker ant zombies
  9 gnolls
  19 adders
  2 shadow imps (Depths:1)
  5 white imps
  An ufetubus (D:8)
  An adder zombie (D:5)
  An adder skeleton (D:7)
  7 worms
  7 leopard geckos
  99 orcs
  11 bats
  9 giant cockroaches
  6 goblins
  11 hobgoblins
  8 jackals
  24 kobolds
  6 quokkas
  2 ball pythons
  3 frilled lizards
  A jackal skeleton (D:4)
  A leopard gecko zombie (D:7)
  9 rats
  A bush (Lair:2)
  5 crawling corpses
1715 creatures vanquished.

Vanquished Creatures (collateral kills)
  Nikola (Snake:4)
  A tentacled monstrosity (Abyss:3)
  Gastronok (Lair:2)
  A thorn hunter (Swamp:2)
  Harold (D:10)
  A fire dragon (D:14)
  A yaktaur captain (Vaults:1)
  2 hydras
  3 vault guards (D:14)
  A two-headed ogre (D:9)
  A ghost crab (Swamp:1)
  A dancing weapon (Elf:2)
  A merfolk avatar (Abyss:3)
  A death scarab (Gauntlet)
  2 anacondas
  An alligator (Swamp:4)
  A deep elf knight (Vaults:1)
  2 skeletal warriors (Vaults:2)
  An orc knight (Orc:2)
  2 swamp dragons (Swamp:4)
  3 mana vipers
  2 ugly things
  A wolf spider (Lair:6)
  A deep elf mage (Elf:2)
  A salamander (Snake:2)
  2 guardian serpents
  A naga mage (Snake:2)
  2 cane toads (Swamp:2)
  A centaur skeleton (D:14)
  A komodo dragon (Swamp:3)
  2 slime creatures (Swamp:2)
  A blink frog (Abyss:3)
  A redback (Lair:6)
  6 nagas
  A swamp worm (Swamp:2)
  A water moccasin (D:8)
  An orc warrior (Orc:2)
  A phantom (D:9)
  4 ice beasts (IceCv)
  2 ogres
  A scorpion (D:8)
  2 killer bees (Lair:3)
  3 orc priests (Orc:2)
  An iguana (D:14)
  An adder (D:9)
  An ufetubus (D:8)
  A ball lightning (Snake:2)
  2 orcs (Orc:2)
  A briar patch (Swamp:2)
74 creatures vanquished.

Vanquished Creatures (others)
  A tengu reaver (Vaults:2)
  An ironheart preserver (Vaults:3)
  An alligator (Swamp:1)
  A deep elf archer (Elf:2)
  A slime creature (Swamp:1)
  A flying skull (Gauntlet)
  A human (Elf:1)
  A swamp drake (Snake:3)
  A sky beast (Snake:3)
  6 ball lightnings (Snake:2)
  An orc (Orc:2)
  88 fungi
  119 plants
  2 starspawn tentacles (Abyss:3)
  5 withered plants (Gauntlet)
230 creatures vanquished.

Grand Total: 2019 creatures vanquished

Notes
Turn   | Place    | Note
-------+----------+-------------------------------------------
     0 | D:1      | ringo67 the Barachi Hunter began the quest for the Orb.
     0 | D:1      | Reached XP level 1. HP: 17/17 MP: 1/1
   160 | D:1      | Reached XP level 2. HP: 21/23 MP: 2/2
   368 | D:1      | Reached skill level 1 in Armour
  1058 | D:1      | Reached XP level 3. HP: 28/28 MP: 3/3
  2552 | D:2      | Reached XP level 4. HP: 29/35 MP: 4/4
  4030 | D:3      | Reached XP level 5. HP: 26/42 MP: 5/5
  5169 | D:4      | Found a blossoming altar of Fedhas.
  5201 | D:4      | Found a staircase to the Ecumenical Temple.
  5220 | D:4      | Reached XP level 6. HP: 48/48 MP: 6/6
  5567 | Temple   | Entered the Ecumenical Temple
  5634 | Temple   | Became a worshipper of Nemelex Xobeh the Trickster
  5728 | D:4      | Reached skill level 5 in Crossbows
  5831 | D:4      | Noticed Natasha
  5848 | D:4      | Killed Natasha
  6074 | D:4      | Noticed Natasha
  6083 | D:4      | Killed Natasha
  6141 | D:4      | Found Dywuuq's Gadget Shop.
  6459 | D:5      | Entered Level 5 of the Dungeon
  6514 | D:5      | Found an ancient bone altar of Kikubaaqudgha.
  6633 | D:5      | Reached XP level 7. HP: 31/55 MP: 7/7
  6946 | D:5      | Reached skill level 5 in Fighting
  6988 | D:5      | Reached skill level 5 in Dodging
  7484 | D:6      | Reached skill level 5 in Armour
  7484 | D:6      | Reached XP level 8. HP: 61/64 MP: 8/8
  7539 | D:6      | Noticed Grinder
  7540 | D:6      | Paralysed by Grinder for 5 turns
  7672 | D:6      | Noticed Pikel
  7687 | D:6      | Paralysed by Grinder for 2 turns
  8307 | D:6      | Killed Grinder
  8380 | D:6      | Killed Pikel
  8380 | D:6      | Reached XP level 9. HP: 47/72 MP: 9/9
  9300 | D:6      | Found a sparkling altar of Nemelex Xobeh.
  9309 | D:6      | Reached * piety under Nemelex Xobeh
  9380 | D:6      | Reached skill level 1 in Long Blades
 10186 | D:7      | Found a transporter.
 10188 | D:7      | Noticed snetch's ghost (novice MiBe)
 10190 | D:7      | Noticed a moth of wrath
 10232 | D:7      | Found a transporter.
 10962 | D:7      | Noticed Joseph
 11078 | D:7      | Killed Joseph
 11346 | D:7      | Noticed Maggie
 11358 | D:7      | Killed Maggie
 11358 | D:7      | Reached skill level 5 in Long Blades
 11358 | D:7      | Reached XP level 10. HP: 60/81 MP: 10/10
 11785 | D:7      | Got an encrusted longbow
 11786 | D:7      | Identified the +5 longbow of the Endless Xalams {vorpal,
                  | rF+ Int+4 Dex-3} (You found it on level 7 of the Dungeon)
 12304 | D:8      | Received a gift from Nemelex Xobeh
 12609 | D:8      | Found a snail-covered altar of Cheibriados.
 12742 | D:8      | Found a staircase to the Lair.
 13032 | D:8      | Received a gift from Nemelex Xobeh
 13038 | D:8      | Reached ** piety under Nemelex Xobeh
 13146 | D:9      | Noticed a two-headed ogre
 13158 | D:9      | Killed a two-headed ogre
 13158 | D:9      | Reached skill level 1 in Invocations
 13414 | D:9      | Noticed a boulder beetle
 14424 | D:9      | Noticed Maurice
 14449 | D:9      | Killed Maurice
 14449 | D:9      | Reached XP level 11. HP: 87/89 MP: 12/12
 14704 | D:10     | Entered Level 10 of the Dungeon
 15408 | D:10     | Noticed Harold
 15423 | D:10     | Killed Harold
 15973 | D:10     | Noticed a two-headed ogre
 15998 | D:10     | Killed a two-headed ogre
 15998 | D:10     | Reached skill level 10 in Long Blades
 16106 | D:10     | Found a staircase to the Orcish Mines.
 16111 | D:10     | Found a roughly hewn altar of Beogh.
 16563 | D:11     | Reached *** piety under Nemelex Xobeh
 16587 | D:11     | Noticed a cyclops
 16927 | Lair:1   | Entered Level 1 of the Lair of Beasts
 17035 | Lair:1   | Received a gift from Nemelex Xobeh
 17582 | Lair:1   | Received a gift from Nemelex Xobeh
 17925 | Lair:1   | Identified 2 scrolls of acquirement
 17925 | Lair:1   | Acquired the amulet "Jeakh" {Acrobat Dex+5}
 17939 | Lair:1   | Acquired a manual of Dodging
 18254 | Lair:2   | Found a staircase to the Swamp.
 18395 | Lair:2   | Reached skill level 10 in Dodging
 18687 | Lair:2   | Reached **** piety under Nemelex Xobeh
 18687 | Lair:2   | Received a gift from Nemelex Xobeh
 18716 | Lair:2   | Reached skill level 10 in Fighting
 18743 | Lair:2   | Noticed Gastronok
 18752 | Lair:2   | Killed Gastronok
 18752 | Lair:2   | Reached skill level 10 in Armour
 18752 | Lair:2   | Reached XP level 12. HP: 94/97 MP: 15/15
 19080 | Lair:2   | Noticed a seven-headed hydra
 19094 | Lair:2   | Killed a seven-headed hydra
 19094 | Lair:2   | Reached skill level 5 in Invocations
 20681 | Lair:3   | Found a glowing silver altar of Zin.
 20762 | Lair:3   | Learned a level 4 spell: Summon Lightning Spire
 20992 | Lair:3   | Noticed a five-headed hydra
 20999 | Lair:3   | Killed a five-headed hydra
 21067 | Lair:3   | Found a staircase to the Snake Pit.
 21379 | Lair:3   | Noticed a seven-headed hydra
 22207 | Lair:3   | Noticed a spark wasp
 22207 | Lair:3   | a seven-headed hydra changed into a spark wasp
 22214 | Lair:3   | Killed a spark wasp
 22214 | Lair:3   | Gained mutation: You can hop long distances. [Barachi
                  | growth]
 22214 | Lair:3   | Reached XP level 13. HP: 52/106 MP: 17/17
 25557 | Lair:5   | Received a gift from Nemelex Xobeh
 26342 | Lair:5   | Found a staircase to the Slime Pits.
 26390 | Lair:5   | Received a gift from Nemelex Xobeh
 26819 | Lair:6   | Entered Level 6 of the Lair of Beasts
 27415 | Lair:6   | Received a gift from Nemelex Xobeh
 27436 | Lair:5   | Reached XP level 14. HP: 112/116 MP: 19/19
 27676 | Lair:6   | Reached ***** piety under Nemelex Xobeh
 30220 | Orc:1    | Entered Level 1 of the Orcish Mines
 31096 | Orc:1    | Found a runed translucent door.
 31097 | Orc:1    | Found a shimmering altar of Xom.
 31097 | Orc:1    | Noticed reasonance's ghost (journeyman GrBe)
 31164 | Orc:1    | Received a gift from Nemelex Xobeh
 31568 | Orc:2    | Entered Level 2 of the Orcish Mines
 31568 | Orc:2    | Noticed an orc warlord
 31632 | Orc:2    | Found a frozen archway.
 31678 | IceCv    | Entered an ice cave
 33555 | IceCv    | HP: 1/116 [ice beast[an ice statue] (8)]
 34623 | IceCv    | Reached skill level 15 in Dodging
 35014 | IceCv    | Got a flickering ivory amulet
 35015 | IceCv    | Identified the amulet "Sizud" {Faith rC+} (You found it in
                  | an ice cave)
 36013 | Orc:2    | Noticed an orc warlord
 36045 | Orc:2    | Killed an orc warlord
 37878 | Orc:2    | Found Cimem's General Store.
 37879 | Orc:2    | Found Doan's Jewellery Emporium.
 37882 | Orc:2    | Found Apsatses's Antique Armour Emporium.
 37882 | Orc:2    | Found Puqoduhu's Antique Weapon Shoppe.
 38012 | Orc:2    | Received a gift from Nemelex Xobeh
 38035 | Orc:2    | Reached XP level 15. HP: 118/124 MP: 21/21
 39369 | Orc:2    | Killed an orc warlord
 39392 | Orc:2    | Found a staircase to the Elven Halls.
 39602 | D:11     | Received a gift from Nemelex Xobeh
 39658 | D:11     | Found a shimmering altar of Xom.
 39811 | D:11     | Received a gift from Nemelex Xobeh
 40692 | D:12     | Found a stormy altar of Qazlal.
 41158 | D:12     | Found Ussoifeta's Distillery.
 41161 | D:12     | Bought a potion of heal wounds for 70 gold pieces
 41161 | D:12     | Bought a potion of heal wounds for 70 gold pieces
 42349 | D:12     | Received a gift from Nemelex Xobeh
 43045 | D:13     | Received a gift from Nemelex Xobeh
 44312 | D:14     | Received a gift from Nemelex Xobeh
 44324 | D:14     | Found a gate leading to a gauntlet.
 44325 | D:14     | Found Foecaf's Armour Shoppe.
 44331 | Gauntlet | Entered a Gauntlet
 44331 | Gauntlet | Found a transporter.
 44331 | Gauntlet | Found a transporter.
 44332 | Gauntlet | Found a transporter.
 44332 | Gauntlet | Found a transporter.
 44338 | Gauntlet | Found a transporter.
 44338 | Gauntlet | Found a transporter.
 44372 | Gauntlet | Found a transporter.
 44376 | Gauntlet | Found a transporter.
 44393 | Gauntlet | Found a transporter.
 44401 | Gauntlet | Found a transporter.
 44416 | Gauntlet | Found a transporter.
 44420 | Gauntlet | Found a transporter.
 44427 | Gauntlet | Received a gift from Nemelex Xobeh
 45399 | D:14     | Reached ****** piety under Nemelex Xobeh
 45691 | D:14     | Found a gate to the Vaults.
 45722 | D:14     | Reached skill level 15 in Armour
 45915 | D:14     | Received a gift from Nemelex Xobeh
 46233 | D:15     | Entered Level 15 of the Dungeon
 46578 | D:14     | Bought a +2 plate armour of fire resistance for 560 gold
                  | pieces
 46656 | D:15     | Found a sacrificial altar of Ru.
 47215 | D:15     | Found a staircase to the Depths.
 47263 | D:15     | Received a gift from Nemelex Xobeh
 47815 | D:15     | Reached XP level 16. HP: 108/134 MP: 22/22
 47921 | D:15     | Noticed Rupert
 47935 | D:15     | Killed Rupert
 48370 | Swamp:1  | Entered Level 1 of the Swamp
 48381 | Swamp:1  | Reached skill level 15 in Fighting
 49925 | Swamp:1  | Received a gift from Nemelex Xobeh
 51503 | Swamp:2  | Noticed a thorn hunter
 51511 | Swamp:2  | Killed a thorn hunter
 53005 | Swamp:2  | Received a gift from Nemelex Xobeh
 54493 | Swamp:2  | Received a gift from Nemelex Xobeh
 55127 | Swamp:2  | Received a gift from Nemelex Xobeh
 55575 | Swamp:3  | Received a gift from Nemelex Xobeh
 55620 | Swamp:3  | Noticed Louise
 55620 | Swamp:3  | Cast into level 3 of the Abyss (Louise)
 55859 | Abyss:3  | Found a corrupted altar of Lugonu.
 55863 | Abyss:3  | Noticed a tentacled monstrosity
 55863 | Abyss:3  | Noticed a tentacled starspawn
 55864 | Abyss:3  | Identified the +2 demon trident of Crusades {vamp, +Blink
                  | MR+}
 55874 | Abyss:3  | Got an abyssal rune of Zot
 55881 | Abyss:3  | Killed a tentacled monstrosity
 55890 | Abyss:3  | Found a corrupted altar of Lugonu.
 55957 | Abyss:3  | Found a corrupted altar of Lugonu.
 55965 | Swamp:3  | Escaped the Abyss
 55968 | Swamp:3  | Noticed Louise
 55968 | Swamp:3  | Louise changed into Louise the boulder beetle
 55973 | Swamp:3  | Killed Louise the boulder beetle
 56315 | Swamp:3  | Acquired a +2 triple crossbow of flaming
 56535 | Swamp:3  | Reached XP level 17. HP: 135/144 MP: 23/23
 56562 | Swamp:3  | Received a gift from Nemelex Xobeh
 56870 | Swamp:4  | Entered Level 4 of the Swamp
 57620 | Swamp:4  | Reached skill level 10 in Crossbows
 59097 | Swamp:4  | Received a gift from Nemelex Xobeh
 59105 | Swamp:4  | Got a decaying rune of Zot
 59476 | Snake:1  | Entered Level 1 of the Snake Pit
 59707 | Snake:1  | Received a gift from Nemelex Xobeh
 60075 | Snake:1  | Received a gift from Nemelex Xobeh
 60683 | Snake:1  | Received a gift from Nemelex Xobeh
 63188 | Snake:2  | Found Pcail's Practical Paraphernalia.
 63910 | Snake:2  | Bought the ring "Ciexzego" {rPois MR+ Stlth+} for 702 gold
                  | pieces
 63978 | Snake:2  | Found Sudawkih's Book Boutique.
 64092 | Snake:2  | Found Hacwuog's Mass Market.
 64097 | Snake:2  | Received a gift from Nemelex Xobeh
 64476 | Snake:3  | Reached XP level 18. HP: 144/153 MP: 21/24
 64744 | Snake:3  | Received a gift from Nemelex Xobeh
 65936 | Snake:3  | Received a gift from Nemelex Xobeh
 66841 | Snake:3  | Received a gift from Nemelex Xobeh
 67469 | Snake:4  | Entered Level 4 of the Snake Pit
 67663 | Snake:4  | Received a gift from Nemelex Xobeh
 69186 | Snake:4  | Noticed Roxanne
 69208 | Snake:4  | Killed Roxanne
 69499 | Snake:4  | Reached skill level 10 in Invocations
 70015 | Snake:4  | Identified the cursed +0 pair of gloves of Space {rElec rC-
                  | Regen+ rCorr}
 70015 | Snake:4  | Noticed Nikola
 70033 | Snake:4  | Killed Nikola
 70508 | Snake:4  | Paralysed by a Zot trap for 5 turns
 71100 | Snake:4  | Noticed Donald
 71207 | Snake:4  | Noticed Donald
 71207 | Snake:4  | Donald changed into Donald the azure jelly
 71214 | Snake:4  | Killed Donald the azure jelly
 71214 | Snake:4  | Reached XP level 19. HP: 130/161 MP: 26/26
 71469 | Snake:4  | Received a gift from Nemelex Xobeh
 73428 | Snake:4  | Got a serpentine rune of Zot
 73779 | Vaults:1 | Entered Level 1 of the Vaults
 74015 | Vaults:1 | Found a huge runed gate.
 74015 | Vaults:1 | Found a huge runed gate.
 74015 | Vaults:1 | Found a huge runed gate.
 74015 | Vaults:1 | Found a huge runed gate.
 74015 | Vaults:1 | Found a huge runed gate.
 74015 | Vaults:1 | Found a huge runed gate.
 74016 | Vaults:1 | Found a huge runed gate.
 74016 | Vaults:1 | Found a huge runed gate.
 74016 | Vaults:1 | Found a huge runed gate.
 74016 | Vaults:1 | Found a huge runed gate.
 74020 | Vaults:1 | Found a huge runed gate.
 74020 | Vaults:1 | Found a huge runed gate.
 74020 | Vaults:1 | Found a huge runed gate.
 74020 | Vaults:1 | Found a huge runed gate.
 74020 | Vaults:1 | Found a huge runed gate.
 74020 | Vaults:1 | Found a huge runed gate.
 74021 | Vaults:1 | Found a huge runed gate.
 74022 | Vaults:1 | Found a huge runed gate.
 74023 | Vaults:1 | Found a huge runed gate.
 74092 | Vaults:1 | Found a huge runed gate.
 74092 | Vaults:1 | Found a huge runed gate.
 74092 | Vaults:1 | Found a huge runed gate.
 74092 | Vaults:1 | Found a huge runed gate.
 74092 | Vaults:1 | Found a huge runed gate.
 74092 | Vaults:1 | Found a huge runed gate.
 74094 | Vaults:1 | Found a huge runed gate.
 74095 | Vaults:1 | Found a huge runed gate.
 74096 | Vaults:1 | Found a huge runed gate.
 74105 | Vaults:1 | Found a huge runed gate.
 74105 | Vaults:1 | Found a huge runed gate.
 74105 | Vaults:1 | Found a huge runed gate.
 74105 | Vaults:1 | Found a huge runed gate.
 74105 | Vaults:1 | Found a huge runed gate.
 74105 | Vaults:1 | Found a huge runed gate.
 74107 | Vaults:1 | Found a huge runed gate.
 74108 | Vaults:1 | Found a huge runed gate.
 74209 | Vaults:1 | Found Fogouv's Antique Weapon Shop.
 74722 | Vaults:1 | Received a gift from Nemelex Xobeh
 74741 | Vaults:1 | Found Alaups's Weapon Shop.
 75438 | Vaults:1 | Received a gift from Nemelex Xobeh
 75839 | Vaults:1 | Found Puqaed's Armour Emporium.
 75965 | Vaults:1 | Reached skill level 15 in Crossbows
 76091 | Vaults:1 | Received a gift from Nemelex Xobeh
 76115 | Vaults:1 | Found Qeheckae's Book Shop.
 76345 | Vaults:2 | Reached XP level 20. HP: 171/171 MP: 28/28
 77403 | Vaults:2 | Received a gift from Nemelex Xobeh
 77960 | Vaults:2 | Identified the +3 leather armour of Okawaru's Displeasure
                  | {MR- Str+6}
 77987 | Vaults:2 | Received a gift from Nemelex Xobeh
 77990 | Vaults:2 | Noticed Sojobo
 79438 | Vaults:2 | Identified the +1 trident of the Disturbing Tusks {elec,
                  | rPois MR+ Int-2 Dex+3}
 79452 | Vaults:2 | Killed Sojobo
 80022 | Vaults:3 | Noticed Boris
 80658 | Orc:2    | Bought an uncursed ring of see invisible for 240 gold
                  | pieces
 81200 | Vaults:3 | Noticed Asterion
 81206 | Vaults:2 | Killed Asterion
 81799 | Elf:1    | Entered Level 1 of the Elven Halls
 82218 | Elf:1    | Noticed Agnes
 82232 | Elf:1    | Killed Agnes
 83911 | Elf:1    | Received a gift from Nemelex Xobeh
 83952 | Elf:1    | Identified the Papyrus of Calling
 84061 | Elf:1    | Noticed Kirke
 84068 | Elf:1    | Killed Kirke
 84083 | Elf:1    | Reached XP level 21. HP: 180/180 MP: 29/29
 84260 | Elf:1    | Found Nopluxum's Armour Shop.
 84287 | Elf:1    | Bought a +0 pair of boots for 85 gold pieces
 84325 | Elf:1    | Received a gift from Nemelex Xobeh
 84758 | Elf:1    | Received a gift from Nemelex Xobeh
 85087 | Elf:2    | Found a runed translucent gate.
 85088 | Elf:2    | Found a runed translucent gate.
 85525 | Elf:2    | Found a runed translucent gate.
 86900 | Elf:2    | Received a gift from Nemelex Xobeh
 88031 | Elf:3    | Entered Level 3 of the Elven Halls
 88122 | Elf:3    | Received a gift from Nemelex Xobeh
 90526 | Elf:3    | Reached XP level 22. HP: 182/190 MP: 30/30
 91561 | Elf:3    | Identified the Papyrus of the Arsonist and Contamination
 91572 | Elf:3    | Identified the +0 helmet of Hudur {Regen+} (You found it on
                  | level 3 of the Elven Halls)
 91609 | Elf:3    | Found the +12 glaive of Prune {vorpal}
 91949 | Vaults:2 | Killed Boris
 92386 | Vaults:3 | Received a gift from Nemelex Xobeh
 93450 | Vaults:3 | Received a gift from Nemelex Xobeh
 94053 | Vaults:3 | Received a gift from Nemelex Xobeh
 94357 | Vaults:3 | Found a staircase to the Crypt.
 94357 | Vaults:3 | Found a basalt altar of Yredelemnul.
 94358 | Vaults:3 | Found an ancient bone altar of Kikubaaqudgha.
 94832 | Vaults:4 | Received a gift from Nemelex Xobeh
 95218 | Vaults:4 | Received a gift from Nemelex Xobeh
 95967 | Vaults:4 | Received a gift from Nemelex Xobeh
 96609 | Depths:1 | Entered Level 1 of the Depths
 97404 | D:15     | Reached XP level 23. HP: 87/198 MP: 31/31
 98071 | Depths:1 | Found a runed translucent gate.
 98071 | Depths:1 | Found a runed translucent gate.
 98071 | Depths:1 | Found a runed translucent gate.
 98085 | Depths:1 | Noticed HilariousDeathArtist's ghost (veteran TeBe)
 98087 | Depths:1 | Found a viscous altar of Jiyva.
 98101 | Depths:1 | Found a one-way gate to the infinite horrors of the Abyss.
 98468 | Depths:1 | Found a gateway to Hell.
 99237 | Depths:1 | Received a gift from Nemelex Xobeh
100262 | Depths:2 | Identified the +2 helmet of Levity {Rampage rF+ Str+2} (You
                  | found it on level 2 of the Depths)
100305 | Depths:2 | Noticed a caustic shrike
100306 | Depths:2 | Noticed a caustic shrike
100310 | Depths:2 | Noticed a caustic shrike
100331 | Depths:2 | Received a gift from Nemelex Xobeh
100340 | Depths:2 | Received a gift from Nemelex Xobeh
101142 | Depths:2 | Demolished by a juggernaut simulacrum

Illustrated notes

Levels and vault maps discovered:
D:1:      kennysheep_arrival_forest, layout_loops_corners
D:2:      layout_basic, chequers_decorated_corner
D:3:      layout_rooms, dk_noncrumbling_3
D:4:      minmay_skewed_foursquare, layout_basic,
          minmay_temple_entry_antechambers, serial_shops, shop, fedhas_altar_1,
          uniq_natasha
D:5:      layout_loops_ring, kiku_gazebo_pond_becter
D:6:      layout_rooms, minmay_fountain_box, nemelex_altar_shiori, uniq_grinder,
          uniq_pikel
D:7:      layout_loops_corners, gammafunk_ghost_berserking_beasts, minivault_25,
          eino_small_chamber_without_monster, kennysheep_small_square,
          uniq_maggie, uniq_joseph
D:8:      layout_basic, due_lair_maze_entry_diamond, david_defended_altar_elf
D:9:      layout_loops_ring, uniq_maurice
D:10:     layout_basic, minmay_orc_entry_temple_small, serial_glass,
          glass_columns_a, glass_columns_c, glass_columns_b, glass_columns_a,
          glass_columns_a, glass_columns_a, glass_columns_b, glass_columns_a,
          minivault_27, uniq_harold
D:11:     layout_gridville, xom_teletrap_fun
D:12:     layout_rooms, serial_shops, kennysheep_mini_moat, serial_corexii_hall,
          corexii_hall_statues_i, corexii_hall_statues_x, basic_altar, drop_trap
D:13:     layout_gridville
D:14:     layout_irregular_city, lightli_vaults_fourway_checkpoint,
          gauntlet_entry_generic, serial_shops, shop, minmay_crystal_water
D:15:     hangedman_depths_entry_try_elsewhere_first, layout_irregular_city,
          hangedman_ru_absence, roderic_batcave, uniq_rupert
Temple:   compressed_dpeg_circular_temple
Lair:1:   layout_hall_layers, cheibrodos_lair_caveside_slide
Lair:2:   layout_hall_layers, swamp_mist, nicolae_quartered_pool_medium,
          minmay_hedge_maze, infiniplex_staircase_pool, uniq_gastronok
Lair:3:   layout_cave_shapes, minmay_snake_entry_six_corridors, basic_altar,
          special_room [special_room_bee], nzn_random_ring, lemuel_fruit_fields
Lair:4:   layout_roguey, lemuel_another_geyser, grunt_megastairs_3
Lair:5:   layout_roguey, dpeg_slime_entry_corner, grunt_megastairs_5
Lair:6:   hangedman_lair_tendril_chambers, layout_gridlike
Swamp:1:  layout_basic_swamp, nicolae_swamp_round_clearing, swamp_pool2
Swamp:2:  layout_basic_swamp, evilmike_swamp_ruin_house_3, swamp_pool2,
          st_swamp_ruins_4
Swamp:3:  layout_falls_marsh, serial_swamp_ruin, evilmike_swamp_ruin_house_6,
          evilmike_swamp_ruin_house_1, swamp_pool1, hangedman_swamp_diagram,
          uniq_louise
Swamp:4:  swamp_alternative, layout_basic_swamp
Snake:1:  layout_onion, serial_bayou_pond_a
Snake:2:  layout_onion, serial_shops, shop_statue, drop_trap, minmay_shop_mass,
          nicolae_alphabet_shops
Snake:3:  layout_cave_town, st_stairs_11
Snake:4:  snake_pit_salamanders_mu, layout_basic, uniq_donald, uniq_nikola,
          uniq_roxanne
Orc:1:    layout_diamond_mine, ebering_ghost_xom
Orc:2:    st_orc_congregation, layout_diamond_mine,
          portal_ice_cave_entry_pillars_1
Elf:1:    eino_elf_arrival_the_gate, layout_onion_city, serial_shops,
          nicolae_shop_temple_entry_statues_fountains, minmay_elf_demonology,
          elves_outpost_lemuel, uniq_kirke, uniq_agnes
Elf:2:    layout_loops_cross, minivault_16
Elf:3:    grunt_elf_hall_branching, layout_loops_ring
Vaults:1: v_misc_15, vaults_not_door_vault_due, ontoclasm_vaults_chip,
          v_misc_25, v_pattern_2, v_rooms_6, nicolae_vaults_ring_of_whatevers,
          hangedman_vaults_hat, vaults_room_mumra_shop_pool,
          layout_vaults_omnigrid, serial_shops, shop, nicolae_shop_stone, shop
Vaults:2: ontoclasm_vaults_eye, st_smaller_cells, grunt_vaults_swirl, v_misc_3,
          nicolae_vaults_diagonal_hallway_6, grunt_vaults_twisty,
          vaults_mumra_minichess, vaults_mumra_minichess_inversion,
          vaults_room_semicircle, ontoclasm_vaults_gateway,
          nicolae_vaults_little_squares_5, vaults_room_hallway,
          layout_vaults_omnicross, uniq_sojobo
Vaults:3: nicolae_vaults_little_squares_6,
          nicolae_vaults_windows_and_doors_thing, minmay_crypt_entry_necro_gods,
          ontoclasm_vaults_ring_square, nicolae_vaults_little_squares_3,
          vaults_mumra_chevron_long, nicolae_vaults_network_square,
          vaults_room_hallway, nicolae_vaults_network_quinsquares
          [nicolae_vaults_network_quincunx_subvault,
          nicolae_vaults_network_quincunx_subvault,
          nicolae_vaults_network_quincunx_subvault,
          nicolae_vaults_network_quincunx_subvault],
          nicolae_vaults_border_crossing, vaults_room_glass_cross,
          nicolae_vaults_three_branches, v_misc_32, layout_vaults_ring,
          uniq_asterion, uniq_boris
Vaults:4: vaults_room_hallway, nicolae_vaults_network_s, v_misc_12,
          nicolae_vaults_little_squares_2, hangedman_vaults_slice,
          nicolae_vaults_little_squares_5, ontoclasm_vaults_shuriken,
          nicolae_vaults_little_squares_1, nicolae_vaults_holding_cells,
          grunt_vaults_funnel, vaults_room_semicircle, hangedman_vaults_stagger,
          v_misc_22, vaults_room_door_hall, vaults_room_stairs_pillars,
          layout_vaults_chaotic_city
Depths:1: layout_gridlike, hangedman_abyss_entry_splay,
          grunt_hell_entry_demonic_statue, gammafunk_ghost_ooze,
          kennysheep_generic_room_10, firewood_loft
Depths:2: minmay_ambush_box, layout_gridlike, ziggurat_fallback,
          hangedman_decor_points, pf_vacation_house_of_asmodeus, abyss_entry,
          mu_enter_wizlab_7, kennysheep_decorative_pillar, minmay_pinched_square

Skill      XL: |  1  2  3  4  5  6  7  8  9 10 11 12 13 14 15 16 17 18 19 20 21 22 23 |
---------------+----------------------------------------------------------------------+-----
Armour         | 1 2 3 4 5 6 7 8 10 11 12 13 15 16 18 19 20 21 | 21.8
Fighting       | 3 4 5 7 8 9 10 11 12 13 14 16 17 18 19 20 | 20.5
Dodging        | 3 4 5 6 7 8 10 12 13 15 17 18 | 18.0
Crossbows      | 5 6 7 9 11 13 15 16 18 20 21 | 21.7
Long Blades    | 5 9 10 11 13 14 | 14.0
Invocations    | 2 4 6 7 9 10 11 | 11.0
Stealth        | |  0.8

Action                   |  1- 3 |  4- 6 |  7- 9 | 10-12 | 13-15 | 16-18 | 19-21 | 22-24 || total
-------------------------+-------+-------+-------+-------+-------+-------+-------+-------++-------
Melee: Short sword       |   207 |   149 |       |       |       |       |       |       ||   356
       Dagger            |       |    94 |   223 |       |       |       |       |       ||   317
       Long sword        |       |       |   133 |   727 |    68 |       |       |       ||   928
       Scimitar          |       |       |       |    48 |  1906 |  1802 |  1625 |   205 ||  5586
 Fire: Hand crossbow     |     1 |    15 |    44 |    95 |   148 |    76 |       |       ||   379
       Triple crossbow   |       |       |       |       |       |   166 |   392 |   604 ||  1162
Throw: Throwing net      |       |       |       |       |     1 |       |       |       ||     1
Invok: Draw Summoning    |       |       |       |     9 |     9 |    17 |    16 |     2 ||    53
       Draw Escape       |       |       |       |     4 |     3 |     1 |     1 |     4 ||    13
       Draw Destruction  |       |       |       |    18 |    27 |    46 |    48 |    14 ||   153
       Triple Draw       |       |       |       |     1 |     2 |       |       |       ||     3
       Deal Four         |       |       |       |       |     1 |     1 |       |       ||     2
       Draw Stack        |       |       |       |       |     2 |     2 |     1 |       ||     5
       Stack Five        |       |       |       |       |     1 |       |       |       ||     1
 Abil: Hop               |       |     2 |     2 |    14 |    28 |    27 |    28 |    15 ||   116
Evoke: Wand              |       |       |       |     2 |     7 |       |       |       ||     9
  Use: Scroll            |       |       |    15 |    11 |    16 |    16 |     7 |    12 ||    77
       Potion            |       |       |       |     2 |     3 |     4 |     1 |     3 ||    13
 Stab: Paralysed         |       |       |       |       |    11 |       |       |       ||    11
       Distracted        |       |       |       |       |     3 |     3 |       |       ||     6
       Confused          |       |       |       |       |       |     1 |       |       ||     1
Armor: Chain mail        |   122 |   164 |       |       |       |       |       |       ||   286
       Leather armour    |     1 |       |       |       |       |       |       |       ||     1
       Plate armour      |       |     2 |   212 |   370 |   744 |   874 |   855 |   404 ||  3461
Dodge: Dodged            |    75 |    91 |    99 |   427 |  1273 |  1401 |  1253 |   444 ||  5063
Block: Other             |       |     3 |    93 |    79 |       |       |       |       ||   175
       Reflection        |       |       |     1 |     8 |       |       |       |       ||     9
       Kite shield       |       |       |       |   149 |   741 |   245 |    19 |       ||  1154
       Rpst.: Long sword |       |       |    17 |    91 |    12 |       |       |       ||   120
       Scimitar          |       |       |       |     6 |   331 |   255 |   240 |    28 ||   860

Table legend: (Time is in decaauts)
 A = Elapsed time spent in this place.
 B = Non-inter-level travel time spent in this place.
 C = Inter-level travel time spent in this place.
 D = Time resting spent in this place.
 E = Time spent auto-exploring this place.
 F = Levels seen in this place.
 G = Mean time per level.
                   A        B        C        D        E       F      G
               +--------+--------+--------+--------+--------+-----+--------+
         Total | 107049 | 102723 |   4326 |  50784 |  26922 |  44 | 2432.9 |
       Dungeon |  28907 |  27263 |   1644 |  11896 |  10703 |  15 | 1927.1 |
        Temple |     93 |     81 |     12 |      0 |      0 |   1 |   93.0 |
          Lair |  15453 |  14788 |    665 |   7610 |   4163 |   6 | 2575.5 |
         Swamp |   9944 |   9737 |    207 |   5204 |   2585 |   4 | 2486.0 |
     Snake Pit |  14615 |  14178 |    437 |   7461 |   2048 |   4 | 3653.8 |
  Orcish Mines |   7272 |   6851 |    421 |   4573 |    681 |   2 | 3636.0 |
   Elven Halls |   9083 |   8957 |    126 |   4686 |   1891 |   3 | 3027.7 |
        Vaults |  13210 |  12415 |    795 |   4133 |   4018 |   4 | 3302.5 |
        Depths |   3800 |   3786 |     14 |   1900 |    744 |   2 | 1900.0 |
         Abyss |    370 |    370 |      0 |    100 |      0 |   1 |  370.0 |
      Ice Cave |   3479 |   3479 |      0 |   2773 |     85 |   1 | 3479.0 |
      Gauntlet |    818 |    818 |      0 |    445 |      0 |   1 |  818.0 |
               +--------+--------+--------+--------+--------+-----+--------+

Top non-repeatable levels by time:
 Snake:4: 5842 daAuts
   Elf:2: 4673 daAuts
Vaults:2: 4444 daAuts
   Orc:1: 3843 daAuts
Vaults:1: 3581 daAuts
  Lair:3: 3569 daAuts
   IceCv: 3479 daAuts
   Orc:2: 3429 daAuts
 Swamp:1: 3373 daAuts
 Snake:1: 3306 daAuts
  Lair:2: 3266 daAuts
Depths:1: 3249 daAuts
 Snake:3: 3132 daAuts
   Elf:1: 3046 daAuts
    D:15: 2957 daAuts
